 Dungeon Crawl Stone Soup version 0.21.1-1-g345015f (webtiles) character file.

1368 Mgcat the Firebug (level 8, -1/41 HPs)
             Began as a Gargoyle Fire Elementalist on Feb 5, 2018.
             Was an Initiate of Vehumet.
             Slain by a quasit (2 damage)
             ... on level 7 of the Dungeon.
             The game lasted 00:20:29 (6390 turns).

Mgcat the Firebug (Gargoyle Fire Elementalist)      Turns: 6390, Time: 00:20:30

Health: -1/41      AC:  8    Str: 12    XL:     8   Next: 65%
Magic:  16/16      EV: 12    Int: 18    God:    Vehumet [......]
Gold:   161        SH:  0    Dex: 10    Spells: 3/18 levels left

rFire    . . .     SeeInvis +   g - +2 whip (venom)
rCold    . . .     Gourm    .   (no shield)
rNeg     + . .     Faith    .   a - +0 robe
rPois    ∞         Spirit   .   (no helmet)
rElec    +         Reflect  .   (no cloak)
rCorr    .         Harm     .   w - +0 pair of gloves
MR       +....                  (no boots)
Stlth    ++........             (no amulet)
HPRegen  0.13/turn              z - ring of protection from magic {MR+, !d}
MPRegen  0.15/turn              B - ring of see invisible {sInv, !d}

@: no status effects
A: negative energy resistance 1, electricity resistance, unbreathing,
petrification resistance, rot immunity, AC +5
a: Renounce Religion


You were on level 7 of the Dungeon.
You worshipped Vehumet.
Vehumet was noncommittal.
You were not hungry.

You visited 2 branches of the dungeon, and saw 8 of its levels.

You collected 427 gold pieces.
You spent 266 gold pieces at shops.

Inventory:

Hand Weapons
 g - a +2 whip of venom (weapon)
   (You took it off a kobold on level 1 of the Dungeon)
 y - a +0 hunting sling
   (You found it on level 4 of the Dungeon)
Missiles
 f - 4 curare-tipped needles
 s - 2 throwing nets {=f, !d}
 t - 43 sling bullets
 u - 44 poisoned needles
Armour
 a - a +0 robe (worn)
 w - a +0 pair of gloves (worn)
   (You found it on level 4 of the Dungeon)
Jewellery
 z - a ring of protection from magic (left hand) {MR+, !d}
   (You found it on level 5 of the Dungeon)
 B - a ring of see invisible (right hand) {sInv, !d}
   (You bought it in a shop on level 5 of the Dungeon)
 I - a +4 ring of dexterity
   (You found it on level 7 of the Dungeon)
Wands
 x - a wand of paralysis (15)
   (You found it on level 4 of the Dungeon)
 E - a wand of clouds (4)
   (You found it on level 6 of the Dungeon)
Scrolls
 d - 3 scrolls of magic mapping {unknown}
 e - 2 scrolls of enchant armour {unknown}
 h - 2 scrolls of teleportation {unknown}
 i - 2 scrolls of blinking {unknown}
 j - 3 scrolls of identify {unknown}
 m - 3 scrolls of enchant weapon {unknown}
 q - 3 scrolls of fear {unknown}
 r - 4 scrolls of remove curse {unknown}
 A - a scroll of random uselessness {unknown}
 C - a scroll of acquirement {unknown}
Potions
 k - 2 potions of haste {unknown}
 l - 2 potions of brilliance {unknown}
 n - 2 potions of agility {unknown}
 o - 2 potions of heal wounds {unknown}
 p - 2 potions of curing {unknown}
 v - 4 potions of mutation {unknown}
 F - a potion of ambrosia {unknown}
 G - a potion of berserk rage {unknown}
Books
 b - a book of Flames
Comestibles
 c - 4 rations
 H - 2 chunks of flesh {@w0}


   Skills:
 + Level 2.3 Slings
 - Level 1.5 Dodging
 - Level 2.1 Stealth
 + Level 5.5 Spellcasting
 + Level 6.2 Conjurations
 + Level 6.4 Fire Magic


You had 3 spell levels left.
You knew the following spells:

 Your Spells              Type           Power        Failure   Level  Hunger
a - Flame Tongue          Conj/Fire      ####.        1%          1    None
b - Throw Flame           Conj/Fire      ####..       1%          2    None
c - Conjure Flame         Conj/Fire      ####....     2%          3    ##.....
d - Sticky Flame          Conj/Fire      ####....     9%          4    ####...
e - Fireball              Conj/Fire      ####......   26%         5    #####..


Dungeon Overview and Level Annotations

Branches:
Dungeon (7/15)             Temple (1/1) D:7

Altars:
Ashenzari
Cheibriados
Elyvilon
Fedhas
Gozag
Hepliaklqana
Kikubaaqudgha
Makhleb
Nemelex Xobeh
Okawaru
Qazlal
Ru
Sif Muna
Vehumet
Xom
Zin
The Shining One
Lugonu

Shops:
D:5 =   D:6 [

Annotations:
D:4 Mgcat's ghost, amateur GrFE


Innate Abilities, Weirdness & Mutations

You are resistant to torment.
Your stone body is resilient. (AC +5)
You are immune to poison.
You resist negative energy. (rN+)
You are resistant to electric shocks. (rElec)
You can survive without breathing.
You are immune to petrification.
You are immune to rotting.


Message History

Firing (i - inventory):
t - 44 sling bullets (quivered)
Press: ? - help, Shift-Dir - straight line, f/p - crimson imp
Aim: a crimson imp You shoot a sling bullet.
The sling bullet completely misses the crimson imp.
A quasit comes into view.
A killer bee comes into view.
A killer bee comes into view.
You open the door.
An adder comes into view.
The adder moves out of view.
Really attack while wielding your +0 hunting sling?
Okay, then.
Unknown command.
Unknown command.
Okay, then.
Unknown command.
Unknown command.
The killer bee closely misses you.
The killer bee stings you. 2 killer bees come into view.
Unknown command.
Unknown command.
Wield which item (- for none, * to show all)? (? for menu, Esc to quit)
Your +2 whip of venom begins to drip with poison!
g - a +2 whip of venom (weapon)
The killer bee moves out of view.
The killer bee barely misses you. The killer bee completely misses you.
The crimson imp hits you but does no damage.
You whack the killer bee!
The killer bee is poisoned.
The killer bee is heavily wounded.
The killer bee closely misses you. x2; The killer bee barely misses you.
The crimson imp hits you.
The sentinel's mark upon you fades away.
The killer bee stings you but does no damage.
The killer bee barely misses you. The killer bee stings you.
The killer bee barely misses you. x2; The killer bee closely misses you.
Unknown command.
Unknown command.
You barely miss the killer bee.
You kill the killer bee!
Vehumet accepts your kill. The killer bee stings you.
The killer bee stings you but does no damage.
The killer bee stings you.
The killer bee stings you but does no damage.
The crimson imp closely misses you. The killer bee stings you.
A killer bee comes into view.
Unknown command.
Unknown command.
Unknown command.
Unknown command.
You miss the killer bee. The killer bee stings you.
The killer bee stings you but does no damage.
The quasit closely misses you. The quasit barely misses you.
The quasit claws you but does no damage.
The crimson imp hits you but does no damage.
A killer bee and an orc come into view.
Unknown command.
Unknown command.
Unknown command.
The killer bee buzzes angrily.
You hit the killer bee.
The killer bee is poisoned.
The killer bee is lightly wounded.
The killer bee moves out of view.
The killer bee stings you. The quasit closely misses you.
The quasit barely misses you.
The quasit claws you but does no damage.
The killer bee closely misses you. The crimson imp barely misses you.
The killer bee stings you.
* * * LOW HITPOINT WARNING * * *
The quasit bites you.
* * * LOW HITPOINT WARNING * * *
The quasit barely misses you.
The quasit claws you but does no damage.
Unknown command.
Unknown command.
Unknown command.
Unknown command.
Unknown command.
Unknown command.
You closely miss the killer bee.
The killer bee is moderately wounded.
The killer bee stings you.
* * * LOW HITPOINT WARNING * * *
The killer bee barely misses you. The killer bee stings you.
* * * LOW HITPOINT WARNING * * *
The killer bee stings you.
* * * LOW HITPOINT WARNING * * *
The crimson imp hits you but does no damage.
The quasit bites you but does no damage.
The quasit claws you but does no damage.
The quasit closely misses you. The killer bee closely misses you.
An orc wizard comes into view. It is wielding a dagger.
Unknown command.
Unknown command.
Unknown command.
As you read the scroll labeled ANKERO ZUXULOL, it crumbles to dust.
It is a scroll of amnesia.
Okay, then.
The killer bee misses you. x2; The quasit bites you.
You die...

################
#.......#@5Oy..#
#.#.....yy5Sy..#
#.#.+#######'..#
#.#.#...#...#..#
##.#.#.†.#...#.o####
#....#.......#.....#
#######....###._†###..(..#
.....##....#..)....#5.(..#
####.......#...#.†.#...(.##


You could see an ogre, 4 killer bees, an orc wizard (wandering), a quasit, a
crimson imp and an adder.

Vanquished Creatures
  An ice beast (D:6)
  3 ogres
  A phantom (D:5)
  A centaur (D:6)
  A big kobold (D:5)
  A bullfrog (D:7)
  A gnoll sergeant (D:5)
  A scorpion (D:6)
  A killer bee (D:7)
  A howler monkey (D:5)
  The ghost of 4thArraOfDagon the Grave Robber, a weakling FoNe (D:6)
  A crimson imp (D:6)
  An orc priest (D:7)
  2 centaur skeletons
  2 iguanas (D:5)
  2 worker ants
  A hound skeleton (D:4)
  A worker ant zombie (D:6)
  7 adders
  5 gnolls (D:5)
  A howler monkey skeleton (D:4)
  A shadow imp (D:5)
  An ooze (D:2)
  A worm (D:3)
  An adder skeleton (D:6)
  3 dart slugs
  5 leopard geckos
  9 orcs
  5 ball pythons
  4 giant cockroaches
  5 goblins
  7 hobgoblins
  7 jackals
  4 quokkas
  6 bats
  5 frilled lizards
  A jackal skeleton (D:4)
  A jackal zombie (D:6)
  15 kobolds
  8 rats
125 creatures vanquished.

Notes
Turn   | Place    | Note
-------+----------+-------------------------------------------
     0 | D:1      | Mgcat the Gargoyle Fire Elementalist began the quest for the Orb.
     0 | D:1      | Reached XP level 1. HP: 10/10 MP: 3/3
   250 | D:1      | Reached XP level 2. HP: 11/15 MP: 1/5
   650 | D:1      | Reached skill level 2 in Conjurations
   650 | D:1      | Reached XP level 3. HP: 19/19 MP: 2/6
  1294 | D:2      | Reached XP level 4. HP: 20/24 MP: 0/8
  1777 | D:3      | Learned a level 2 spell: Throw Flame
  1781 | D:3      | Learned a level 3 spell: Conjure Flame
  2451 | D:4      | Noticed Mgcat's ghost (amateur GrFE)
  2592 | D:4      | Reached skill level 3 in Spellcasting
  2649 | D:4      | HP: 6/24 [Mgcat's ghost (2)]
  3116 | D:4      | Reached skill level 3 in Conjurations
  3116 | D:4      | Reached skill level 4 in Fire Magic
  3116 | D:4      | Reached XP level 5. HP: 28/28 MP: 0/9
  3500 | D:5      | Entered Level 5 of the Dungeon
  3524 | D:5      | Noticed a big kobold
  3535 | D:5      | Killed a big kobold
  3535 | D:5      | Reached XP level 6. HP: 28/32 MP: 4/11
  3873 | D:5      | Reached skill level 4 in Conjurations
  3922 | D:5      | Reached skill level 4 in Spellcasting
  4000 | D:5      | Reached skill level 5 in Fire Magic
  4000 | D:5      | Reached XP level 7. HP: 36/36 MP: 6/13
  4300 | D:5      | Found a sparkling altar of Nemelex Xobeh.
  4462 | D:5      | Found Gaefuh's Jewellery Shop.
  4470 | D:5      | Bought an uncursed ring of see invisible for 210 gold pieces
  4470 | D:5      | Bought a cursed -2 ring of intelligence for 28 gold pieces
  4470 | D:5      | Bought a cursed -3 ring of evasion for 28 gold pieces
  4606 | D:5      | Reached skill level 5 in Conjurations
  4716 | D:5      | Found a shimmering altar of Xom.
  4844 | D:6      | Noticed 4thArraOfDagon's ghost (weakling FoNe)
  4853 | D:6      | Killed 4thArraOfDagon's ghost
  4958 | D:6      | Reached XP level 8. HP: 41/41 MP: 15/15
  5011 | D:6      | Found an opulent altar of Gozag.
  5078 | D:6      | Reached skill level 1 in Slings
  5078 | D:6      | Reached skill level 5 in Spellcasting
  5147 | D:6      | Found a burning altar of Makhleb.
  5149 | D:6      | Found an ancient bone altar of Kikubaaqudgha.
  5157 | D:6      | Reached skill level 6 in Fire Magic
  5181 | D:6      | Found a snail-covered altar of Cheibriados.
  5247 | D:6      | Found a hazy altar of Hepliaklqana.
  5502 | D:6      | Found Soanuh's Antique Armour Emporium.
  5649 | D:6      | Learned a level 4 spell: Sticky Flame
  5655 | D:6      | Learned a level 5 spell: Fireball
  6004 | D:7      | Found a staircase to the Ecumenical Temple.
  6013 | Temple   | Entered the Ecumenical Temple
  6093 | Temple   | Became a worshipper of Vehumet
  6163 | D:7      | Reached skill level 2 in Slings
  6163 | D:7      | Reached skill level 6 in Conjurations
  6210 | D:7      | Found a sacrificial altar of Ru.
  6389 | D:7      | HP: 6/41 [killer bee (5)]
  6389 | D:7      | HP: 1/41 [killer bee (4)]
  6390 | D:7      | Slain by a quasit

Skill      XL: |  1  2  3  4  5  6  7  8 |
---------------+-------------------------+-----
Conjurations   | 2 3 4 5 6 |  6.2
Spellcasting   | 3 4 5 |  5.5
Fire Magic     | 4 5 6 |  6.4
Slings         | 2 |  2.3
Dodging        | |  1.5
Stealth        | |  2.1

Action                   |  1- 3 |  4- 6 |  7- 9 || total
-------------------------+-------+-------+-------++-------
Melee: Unarmed           |    20 |       |       ||    20
       Whip              |    23 |    31 |    70 ||   124
 Fire: Hunting sling     |       |    23 |    67 ||    90
 Cast: Flame Tongue      |    56 |    73 |    86 ||   215
       Throw Flame       |       |    19 |    29 ||    48
       Conjure Flame     |       |     3 |     5 ||     8
  Use: Scroll            |       |       |     1 ||     1
 Stab: Sleeping          |     1 |     1 |       ||     2
  Eat: Chunk             |     2 |     1 |     6 ||     9
       Ration            |       |     2 |     1 ||     3
Armor: Robe              |    21 |    22 |    46 ||    89
Dodge: Dodged            |    28 |    39 |    99 ||   166

Vault maps used:
D:1:      dpeg_arrival_windows_large_door, minmay_bisected
D:2:      first_ration
D:4:      kennysheep_six_static_rooms
D:5:      kennysheep_little_box, nicolae_overflow_hidden_temple,
          lemuel_doored_altar, serial_shops, nicolae_shop_waterfront,
          supply_closet_lemuel
D:6:      grunt_temple_overflow_open,
          nicolae_gozag_cash_rules_everything_around_me, serial_shops, shop
D:7:      nicolae_ru_great_annihilating_truth, minmay_temple_entry_trees,
          serial_shops, nicolae_shop_trees, lightli_orcish_oven
Temple:   kb_corrupted_temple

Table legend:
 A = Turns spent in this place as a percentage of turns spent in the entire game.
 B = Non-inter-level travel turns spent in this place as a percentage of non-inter-level travel turns spent in the entire game.
 C = Inter-level travel turns spent in this place as a percentage of turns spent in this place.
 D = Turns resting spent in this place as a percentage of non-inter-level travel turns spent in this place.
 E = Turns spent auto-exploring this place as a percentage of non-inter-level travel turns spent in this place.
 F = Non-inter-level travel turns spent in this place divided by the number of levels of this place that you've seen.
                   A       B       C       D       E      F
               +-------+-------+-------+-------+-------+----------------------
         Total | 100.0 | 100.0 |   5.2 |   4.1 |  77.2 | 757.4
       Dungeon |  98.0 |  98.2 |   5.0 |   4.1 |  77.0 | 850.1
        Temple |   2.0 |   1.8 |  14.3 |   0.0 |  88.0 | 108.0
               +-------+-------+-------+-------+-------+----------------------

Table legend:
 A = Kills in this place as a percentage of kills in entire the game.
 B = Kills by you in this place as a percentage of kills by you in the entire game.
 C = Kills by friends in this place as a percentage of kills by friends in the entire game.
 D = Other kills in this place as a percentage of other kills in the entire game.
 E = Experience gained in this place as a percentage of experience gained in the entire game.
 F = Experience gained in this place divided by the number of levels of this place that you have seen.
                   A       B       C       D       E      F
               +-------+-------+-------+-------+-------+----------------------
         Total | 100.0 | 100.0 |   N/A |   N/A | 100.0 | 244.4
       Dungeon | 100.0 | 100.0 |   N/A |   N/A | 100.0 | 279.3
               +-------+-------+-------+-------+-------+----------------------
